Cogmind - Beta 15 @@@ ROGUE MODE // 2025.07.30 @ 09:20:31 Player: beans Result: Destroyed by HO-HX5(j) with Overtuned Pulse Rifle Performance ------------- Evolutions (0) 0 Regions Visited (3) 600 Robots Destroyed (8) 40 Value Destroyed (320) 320 Prototype IDs (9) 180 Alien Tech Used (0) 0 Bonus (784) 784 TOTAL SCORE: 1924 Bonus ------- Registered with UFD 300 Met Optimus in HQ 500 Friendly Fire -16 Cogmind --------- Core Integrity 0/250 Matter 55/300 Energy 100/100 System Corruption 1% Temperature Cool (12) Movement Core (150) Ox2 Location -8/Scraptown Parts ------- > --- POWER (1) -------- (None) > --- PROPULSION (2) --- (None) > --- UTILITY (2) ------ Advanced Visual Processing Unit A0-MCA's Component Scanner > --- WEAPON (2) ------- Overtuned Barrage Gun Gauss Rifle > --- INVENTORY (5) ---- Cesium-ion Thruster Improved Heat Sink Improved Propulsion Shielding Peak State ------------ > --- POWER ------------ Light Ion Engine > --- PROPULSION ------- Cesium-ion Thruster Nuclear Pulse Thruster > --- UTILITY ---------- Improved Heat Sink A0-MCA's Component Scanner > --- WEAPON ----------- Minigun Barrage Gun > --- INVENTORY -------- Improved Propulsion Shielding Grenade Launcher [Rating: 27] Favorites ----------- Power Light Ion Engine Engine Light Ion Engine Propulsion Light Treads Treads Light Treads Leg Overtuned Titanium Leg Flight Unit Cesium-ion Thruster Utility Improved Heat Sink Device Improved Heat Sink Processor A0-MCA's Component Scanner Weapon Barrage Gun Ballistic Gun Barrage Gun Launcher Grenade Launcher Build | -11 -10 -10 -8 ------- Run | Yrd Mat Sub Scr Slots Evolved . | . . . . Power . | . . . . Propulsion . | . . . . Utility . | . . . . Weapon . | . . . . Parts Attached 16 | 3 1 2 10 Power 2 | 1 . 1 . Engine 2 | 1 . 1 . Core . | . . . . Reactor . | . . . . Propulsion 6 | 2 . . 4 Treads 2 | 2 . . . Leg 2 | . . . 2 Wheel . | . . . . Hover . | . . . . Flight 2 | . . . 2 Utility 3 | . . 1 2 Device 1 | . . 1 . Storage . | . . . . Processor 2 | . . . 2 Hackware . | . . . . Protection . | . . . . Artifact . | . . . . Weapon 5 | . 1 . 4 Energy Gun . | . . . . Energy Cannon . | . . . . Ballistic Gun 4 | . . . 4 Ballistic Cannon . | . . . . Launcher 1 | . 1 . . Special Weapon . | . . . . Impact Weapon . | . . . . Slashing Weapon . | . . . . Piercing Weapon . | . . . . Special Melee Weapon . | . . . . Unidentified Prototypes . | . . . . Parts Lost 6 | . . . 6 Power 1 | . . . 1 Propulsion 3 | . . . 3 Utility . | . . . . Weapon 2 | . . . 2 Highest Loss Streak 5 | . . . 5 To Critical Strikes 1 | . . . 1 Average Backups 2 | . . 1 2 Power . | . . . . Propulsion . | . . . . Utility . | . . . 1 Weapon . | . . . 1 Tool/Special . | . . . . Unused Backups 1 | . . . 1 Power . | . . . . Propulsion . | . . . . Utility 1 | . . . 1 Weapon . | . . . . Tool/Special . | . . . . Average Slot Usage (%) 80 | . 53 68 85 Engine 13 | . 14 14 13 Treads 14 | . 28 28 10 Leg 2 | . . . 2 Flight 10 | . . . 14 Device 10 | . . 11 11 Processor 7 | . . . 10 Ballistic Gun 16 | . . . 20 Launcher 3 | . 10 14 . Peak Build Rating 27 | 3 4 8 27 Average Rating 16 | 2 3 7 19 On Entrance 3 | . 3 4 8 Naked Turns . | . . . . Heaviest Build 10 | 3 6 9 10 Greatest Support 40 | 40 40 40 40 Greatest Overweight (x) 2 | . . . 2 Average Overweight (x) . | . . . . Largest Inventory Capacity 5 | 5 5 5 5 Average Capacity 5 | 5 5 5 5 Most Carried 5 | 2 1 2 5 Average Carried 2 | . . 1 2 Final Capacity 5 | 5 5 5 5 Final Carried 3 | . . 2 3 Class Distribution -------------------- 98% | Mutant Dominant Class ---------------- Mutant | -10/Materials Mutant | -10/Subcaves Mutant | -8/Scraptown Resources | -11 -10 -10 -8 ----------- Run | Yrd Mat Sub Scr Matter Collected 503 | 171 31 78 223 Remotely . | . . . . Salvage Created 410 | . 16 . 394 Parts 16 | . . . 16 Haulers Intercepted . | . . . . Recyclers Shooed . | . . . . Parts Field Recycled . | . . . . Retrieved Matter . | . . . . Parts Self-Destructed 9 | . . 9 . Prevented . | . . . . Kills | -11 -10 -10 -8 ------- Run | Yrd Mat Sub Scr Combat Hostiles Destroyed 7 | . . . 7 Guns 5 | . . . 5 AOE 2 | . . . 2 Classes Destroyed 5 | . 1 . 4 Worker 1 | . 1 . . Federalist 1 | . . . 1 Ranger 2 | . . . 2 Guru 1 | . . . 1 Scrapper 3 | . . . 3 Best Kill Streak 2 | . 1 . 2 Combat Bots Only 2 | . . . 2 Max Kills in Single Turn 1 | . 1 . 1 Gunslinging . | . . . . Exploded 1 | . . . 1 Melee . | . . . . Uniques/NPCs Destroyed . | . . . . Combat | -11 -10 -10 -8 -------- Run | Yrd Mat Sub Scr Hostile Shots Fired 88 | . . . 88 Missed 24 | . . . 24 Hits 64 | . . . 64 Projectile 64 | . . . 64 Critical Strikes 3 | . . . 3 Damage Taken 907 | . 62 . 845 Core 252 | . 19 . 233 Absorbed by Shields . | . . . . Core Remaining (%) 100 | 100 . . . Volleys Fired 47 | . 2 . 45 Largest 2 | . 1 . 2 Hottest 58 | . 30 . 58 Shots Fired 74 | . 2 . 72 Gun 67 | . . . 67 Cannon . | . . . . Launcher 7 | . 2 . 5 Special . | . . . . Kinetic 67 | . . . 67 Thermal . | . . . . Explosive 7 | . 2 . 5 Electromagnetic . | . . . . Robot Hit Streak 8 | . . . 8 Robot Miss Streak 3 | . . . 3 Penetration Max . | . . . . Secondary Targets 1 | . . . 1 Max Gunslinging Chain 1 | . . . 1 Shots Hit Robots 36 | . . . 36 Core Hits 15 | . 2 . 13 Critical Kills . | . . . . Critical Parts Destroyed . | . . . . Critical Strikes . | . . . . Melee Attacks . | . . . . Impact . | . . . . Slashing . | . . . . Piercing . | . . . . Sneak Attacks . | . . . . Combat Hostiles . | . . . . Follow-up Attacks . | . . . . Damage Inflicted 921 | . 104 . 817 Guns 614 | . . . 614 Cannons . | . . . . Explosions 307 | . 104 . 203 Melee . | . . . . Ramming . | . . . . Kinetic 614 | . . . 614 Thermal . | . . . . Explosive 307 | . 104 . 203 Electromagnetic . | . . . . Impact . | . . . . Slashing . | . . . . Piercing . | . . . . Highest Corruption 1 | . . . 1 Average Corruption 1 | . . . 1 Corruption Purged . | . . . . Corruption Blocked . | . . . . Overload Shots . | . . . . Overflow Damage 3 | . . . 3 Projectiles . | . . . . Explosions 3 | . . . 3 Melee . | . . . . Knockbacks . | . . . . Impact . | . . . . Kinetic . | . . . . Secondary . | . . . . Self-Inflicted Damage 63 | . 63 . . Shots 2 | . 2 . . Rammed . | . . . . Targets Rammed . | . . . . Kicked . | . . . . Crushed . | . . . . Highest Temperature 70 | . . . 70 Average Temperature 16 | . . . 16 Received Heat Transfer 398 | . . . 398 Siege Activations . | . . . . Martial Activations . | . . . . Shielding Activations . | . . . . Robots Disrupted . | . . . . Combat Hostiles . | . . . . Robots Corrupted . | . . . . Combat Hostiles . | . . . . Parts Fried . | . . . . Impact Corruptions . | . . . . Robots Melted . | . . . . Combat Hostiles . | . . . . Parts Melted 3 | . . . 3 Heat Transferred . | . . . . Parts Sabotaged . | . . . . Parts Stolen . | . . . . Parts Stripped . | . . . . Power Chain Reactions . | . . . . Alert | -11 -10 -10 -8 ------- Run | Yrd Mat Sub Scr Maximum Alert Level . | . . . . Low Security (%) 100 | 100 100 . . Level 1 . | . . . . Level 2 . | . . . . Level 3 . | . . . . Level 4 . | . . . . Level 5 . | . . . . High Security . | . . . . Max Security . | . . . . Peak Influence 21 | . 21 . . Initial . | . . . . Average 3 | . 4 . . Influence Increases 31 | . 31 . . Destroy 0b10 Robot/NC 5 | . 5 . . Disable Machine 15 | . 15 . . Destroy Structure 11 | . 11 . . Influence Decreases 31 | . 30 1 . Entered New Map 1 | . . 1 . Time Decay 30 | . 30 . . Squads Dispatched 2 | . 2 . . Investigation 1 | . 1 . . Extermination . | . . . . Reinforcement 1 | . 1 . . Assault . | . . . . Garrison . | . . . . Intercept . | . . . . Searches Triggered . | . . . . Construction Impeded . | . . . . Haulers Reinforced . | . . . . Active Scanning Responses . | . . . . Cargo Convoy Interrupts . | . . . . Stealth | -11 -10 -10 -8 --------- Run | Yrd Mat Sub Scr Distress Signals . | . . . . Communications Jammed . | . . . . Distress Signals . | . . . . Times Spotted 38 | . 3 1 34 Peak Tracking Total 6 | . 2 1 6 Tactical Retreats . | . . . . Traps | -11 -10 -10 -8 ------- Run | Yrd Mat Sub Scr Traps Triggered . | . . . . Indirectly . | . . . . Trap Hack Attempts . | . . . . Triggered . | . . . . Disarmed . | . . . . Reprogrammed . | . . . . Reused . | . . . . Traps Extracted . | . . . . Installed . | . . . . Triggered . | . . . . Machines | -11 -10 -10 -8 ---------- Run | Yrd Mat Sub Scr Machines Disabled 1 | . 1 . . Max in Single Turn 1 | . 1 . . Machines Repaired . | . . . . Machines Dismantled . | . . . . Machines Sabotaged . | . . . . Overloaded Fab Kills . | . . . . Hacking | -11 -10 -10 -8 --------- Run | Yrd Mat Sub Scr Machines Accessed 3 | . . . 3 Terminals . | . . . . Fabricators . | . . . . Repair Stations . | . . . . Recycling Units . | . . . . Scanalyzers . | . . . . Garrison Access . | . . . . Total Hacks 16 | . . . 16 Successful 16 | . . . 16 Failed . | . . . . Catastrophic . | . . . . Database Lockouts . | . . . . Manual . | . . . . Terminals . | . . . . Fabricators . | . . . . Repair Stations . | . . . . Recycling Units . | . . . . Scanalyzers . | . . . . Garrison Access . | . . . . Terminal Hacks 16 | . . . 16 Record 11 | . . . 11 Robot Analysis 5 | . . . 5 Fabricator Hacks . | . . . . Repair Station Hacks . | . . . . Recycling Unit Hacks . | . . . . Scanalyzer . | . . . . Garrison Access Hacks . | . . . . Unauthorized Hacks . | . . . . Terminals . | . . . . Fabricators . | . . . . Repair Stations . | . . . . Recycling Units . | . . . . Scanalyzers . | . . . . Garrison Access . | . . . . Data Cores Recovered . | . . . . Used . | . . . . Hacking Detections . | . . . . Full Trace Events . | . . . . Feedback Events . | . . . . Feedback Blocked . | . . . . Robot Schematics Acquired . | . . . . Robots Built . | . . . . Authchips . | . . . . Time . | . . . . Total Robot Build Rating . | . . . . Part Schematics Acquired . | . . . . Parts Built . | . . . . Authchips . | . . . . Time . | . . . . Total Part Build Rating . | . . . . Parts Repaired . | . . . . Time . | . . . . Parts Recycled . | . . . . Recycled Matter . | . . . . Retrieved Matter . | . . . . Retrieved Components . | . . . . Parts Scanalyzed . | . . . . Part Schematics Acquired . | . . . . Parts Damaged . | . . . . Bothacking | -11 -10 -10 -8 ------------ Run | Yrd Mat Sub Scr Used RIF Installer . | . . . . Robots Hacked . | . . . . Non-combat . | . . . . Combat . | . . . . Robot Hacks Applied . | . . . . Relay Couplers Released . | . . . . Fabnet Peak Effective % . | . . . . Robots Rewired . | . . . . Allies Hacked . | . . . . Hacks Repelled . | . . . . Allies | -11 -10 -10 -8 -------- Run | Yrd Mat Sub Scr Total Allies . | . . . . Largest Group . | . . . . Highest-Rated Group . | . . . . Highest-Rated Ally . | . . . . Total Orders . | . . . . Ally Attacks . | . . . . Total Damage . | . . . . Kills . | . . . . Allies Corrupted . | . . . . Allies Melted 5 | . . . 5 Intel | -11 -10 -10 -8 ------- Run | Yrd Mat Sub Scr Active Infowar (turns) 230 | . . . 230 Optics 230 | . . . 230 Robot Analysis Total 5 | . . . 5 Derelict Logs Recovered . | . . . . Drone Launches . | . . . . Drone Recoveries . | . . . . Exploration | -11 -10 -10 -8 ------------- Run | Yrd Mat Sub Scr Turns Passed 1887 | 39 145 265 1438 Spaces Moved 1449 | 31 85 156 1177 Core 34 | 14 . . 20 Treads 565 | 17 85 156 307 Legs 64 | . . . 64 Wheels . | . . . . Hover . | . . . . Flight 786 | . . . 786 Fastest Speed 34 | 50 160 160 34 Average Speed 87 | 110 160 160 71 Slowest Speed 160 | 160 160 160 160 Overloaded Moves . | . . . . Propulsion Burnouts . | . . . . Robots Hopped . | . . . . Potential Cave-ins . | . . . . Cave-ins Triggered . | . . . . Exploration Rate (%) 30 | 4 31 16 71 Regions Visited 3 Branch Regions 2 Pre-discovered Areas . | . . . . Known Exits Taken . | . . . . Unknown Exits Taken 3 | 1 1 1 . Scrap Searched 6 | . . . 6 Spaces Dug . | . . . . Terrain Destroyed 16 | . 9 . 7 Melee . | . . . . Projectile . | . . . . AOE 16 | . 9 . 7 Terrain Rammed . | . . . . Walls Destroyed . | . . . . Machines Disabled . | . . . . Actions | -11 -10 -10 -8 --------- Run | Yrd Mat Sub Scr Total 2006 | 36 92 171 1707 Wait 463 | . 4 11 448 Move 1446 | 30 84 155 1177 Hop . | . . . . Pick Up 19 | 3 1 3 12 Fast Attach . | . . . . Attach 17 | 3 1 1 12 Detach 1 | . . . 1 Swap 7 | . . 1 6 Drop 6 | . . . 6 Fire 47 | . 2 . 45 Melee . | . . . . Ram . | . . . . Kick . | . . . . Crush . | . . . . Escape Stasis . | . . . . Rewire . | . . . . Trap . | . . . . Miscellaneous . | . . . . Route ------- -11/Scrapyard -10/Materials (discovered 3 exits: [*Min x2] / [*Sub]) -10/Subcaves (discovered 2 exits: *Scr x2) -8/Scraptown (discovered 2 exits: Fac x2) History --------- Turn | Location | Event 10 | -11/Scrapyard | Discovered new exit (range 15) 40 | -11/Scrapyard | Entered Materials 40 | -10/Materials | Discovered new exit (range 7) 41 | -10/Materials | Met a group of wandering Federalists 110 | -10/Materials | Discovered new exit (range 9) 174 | -10/Materials | Discovered new exit (range 8) 185 | -10/Materials | Entered Subcaves 186 | -10/Subcaves | Continued accompanying wandering Federalists (6) 186 | -10/Subcaves | Approached by a straggling Scientist 239 | -10/Subcaves | Lost 3 allies 286 | -10/Subcaves | Shifting Twisted Machinery released Barrage Gun 290 | -10/Subcaves | Shifting Twisted Machinery released Sub. Power Source 306 | -10/Subcaves | Build established: Mutant 353 | -10/Subcaves | A swath of the cavern ceiling suddenly collapsed 382 | -10/Subcaves | Scientist uncovered a shortcut to Scraptown 450 | -10/Subcaves | Entered Scraptown 631 | -8/Scraptown | Visited Red Mages 667 | -8/Scraptown | Visited Shadow of the Wyrm 723 | -8/Scraptown | Visited TADAMA 746 | -8/Scraptown | Visited CPS Storage 768 | -8/Scraptown | Visited The Evicted 823 | -8/Scraptown | Visited Awakened 999 | -8/Scraptown | Visited UFD Registry 999 | -8/Scraptown | Registered with UFD as "Pipecore" 1009 | -8/Scraptown | Visited Analyses Database 1072 | -8/Scraptown | Visited A0-MCA Data Center 1074 | -8/Scraptown | Given an A rating by A0-MCA 1077 | -8/Scraptown | Found A0-MCA's Component Scanner 1085 | -8/Scraptown | Visited DA-N13 Charitable Foundation 1088 | -8/Scraptown | Found DCF Scrap (31 items) 1102 | -8/Scraptown | Visited Abandonware Association 1110 | -8/Scraptown | Visited Scrapoid Pod Storage 1117 | -8/Scraptown | Visited Research Penetration Think Tank 1126 | -8/Scraptown | Visited Modified Component R&D 1157 | -8/Scraptown | Visited Scrapoid Research Area 1168 | -8/Scraptown | Visited Science Guys 1176 | -8/Scraptown | Visited LU-1G1's Boring Crew 1253 | -8/Scraptown | Met Optimus 1253 | -8/Scraptown | Accepted into 0bPrime 1653 | -8/Scraptown | Civil war broke out across Scraptown 1728 | -8/Scraptown | Identified exit to Factory 1837 | -8/Scraptown | Core integrity fell below 50% 1855 | -8/Scraptown | Lost 8 allies 1872 | -8/Scraptown | Optimus destroyed in the chaos of civil war 1876 | -8/Scraptown | Core integrity fell below 20% 1877 | -8/Scraptown | Lost 5 parts (1p2n2w) 1888 | -8/Scraptown | Destroyed by HO-HX5(j) with Overtuned Pulse Rifle Last Messages --------------- Destroyed Lgt. Deuterium Engine. 49-OV6(h) destroyed. The unstable cave ceiling collapses. Mak. Microdissipator Network melted. HI-FMA(j) destroyed. Bolt penetrates Wall. Acquired Gauss Rifle. Dropped Gauss Rifle. Acquired Gauss Rifle. Dropped Gauss Rifle. ANNOUNCEMENT: The traitor Optimus has been dealt with. Put down any remaining collaborators. Dropped Grenade Launcher. Acquired Gauss Rifle. LV-SI9(g) switches sides. LV-SI9(g) suffers critical hit (Burn). M7-PWG(j) misfires. M7-PWG(j) destroyed. LV-SI9(g) critical meltdown. Slug penetrates HO-HX5(j). Map ----- +----------------------------------------------------+ | # | #??????#" ""#?????????# # # ##&" | | # """"#??????#"" ???????????# # # ##" | | # ||| #??????#""" ?????????????# ## | | # ????????"" ???????????????##### ######## | | ### ############ ##########???????##### ######## | | #???????#"""" """""""" | | #???????#" | | #???????#" | | #???????#" | | [ #???????#" | | #################=%* #???????#" | | #???????????????# [ #??????"" ! """"""" | | #???????????????# #?????"" """"""" | | #???????????????# #?????"" !%=""##### | | #?????"""??????## * #?????""" [ ""# | | #?????""""?????# %!% #?????? %/ ""# | | #???? ""?????# ! ###?#??" = "# " | | #??? "??????# "#"#??" "# "" | | #?? """?????# %![""""#??"" ""# " | | #? ""?????# %% %[""###???#*! ! " | | # X"??????# =[###?????#"*%=[ "" | | # """??????#[%! *!==%#########!%=%==""# " | | ""#????## * !%=*=*!!= [=*!*""# "" | | # ""#????#; ![=%*%! !%=%""# " | | # """""""#?????# [! % =!!""# | | #?"""""""?####??# @ *!! ![ # | | =#####"##"##""#### = TT !%* = "##### | | /!%!!=*&%! = ! TT [ [%%!= """"" | | %=%![=!!=[%![= **=%["""" | | [ !%/=!=!%!=! % % [%= | | != =%[%!*[!!! %!! =[ !! | | * ![*!=%= =%== =%! j | | ==[ ===! *%!*= #""""# | | ![%*!%!= ! !! != #????#" | | =%= !=%[ [== !!=%* #????#"""" " """"" | | !=! !##";###%##;####### ####????####### ###### | | ""#?#*%! "#?# #?????????# #?# | | [ ""#??#"= "#?# #?????????# #?# | | " * ""#??#" "#?# #?????????#"" """#?# | | """#??#" """ "#?# #?????????#" ""#?# | | " " " ""#??#" """ "#?# #?????????#" X " ""#?# | | """ ""#??#" """ "#?# #?????????#""""""""#?# | | """ "#??#" "#?# #?????????##########?# | | " "#??#" "#?# #????????????????????# | | """""" ""#??#"""""""""#?# #????????????????????# | | ######"""#??###########?# #????????????????????# | | ????????"???????????????# #????????????????????? | | ?????????????############ #????????????????????? | | ?????????????#""""""""""" #????????#??????#?#### | | ?????????????#""""" """"" #???????? ???#"""## | +----------------------------------------------------+ Best States ------------- Heat Dissipation 39 Energy Generation 15 Energy Capacity 200 Matter Stores 300 Matter Capacity 300 Sight Range 20 Terrain Scan Density 10 Evasion (%) 63 Recoil Reduction 2 Item Schematics ----------------- None Robot Schematics ------------------ None Fabricated ------------ Nothing Repaired ---------- Nothing Alien Tech Used ----------------- None Achievements -------------- None Challenges ------------ None Game ------ Seed AluminumEnhancedAutobeam Manual? 0 Play Time 00:19:52 Cumulative 69.8 hours Start 2025.07.30 @ 09:00:41 End 2025.07.30 @ 09:20:31 Sessions 1 Manual Loads 0 Difficulty Rogue Special Mode None Game No. 290 Rogue 290 Adventurer 0 Explorer 0 Win Type - Total 0 Types 0/0/0/0/0/0/0/0/0/0 Lore% 21 Gallery% 31 Achievement% 26 Wizard Run 0 Options --------- Layout 2 ASCII 0 Keyboard 0 Movement Mouse Keybinds 0 Fullscreen 1 Font 24/Smallcaps Map View 50x44 Zoom Use 0% Tactical HUD 0 Map Filters NONE Filters NONE Steam 1 RUN: a7fb10e2-136f-4db9-a92b-ab38190de7ac